 Dungeon Crawl Stone Soup version 0.28.0-43-g3370ac3207 (webtiles) character file.

Game seed: 13092080993321313403

8 terff the Covert (level 2, 0/29 HPs)
             Began as a Gnoll Delver on Mar 24, 2022.
             Slain by an orc
             ... wielding a +0 hand axe
              (3 damage)
             ... on level 5 of the Dungeon.
             The game lasted 00:01:16 (494 turns).

terff the Covert (Gnoll Delver)                      Turns: 494, Time: 00:01:16

Health: 0/29       AC:  3    Str: 11    XL:     2   Next: 8%
Magic:  2/2        EV: 13    Int:  9    God:
Gold:   0          SH:  0    Dex: 13    Spells: 1/1 levels left

rFire   . . .      SeeInvis .   a - +0 falchion
rCold   . . .      Faith    .   (no shield)
rNeg    . . .      Spirit   .   b - +0 leather armour
rPois   .          Reflect  .   (no helmet)
rElec   .          Harm     .   (no cloak)
rCorr   .          Rampage  .   (no gloves)
Will    .....                   (no boots)
Stlth   ++++......              (no amulet)
HPRegen 0.09/turn               (no ring)
MPRegen 0.08/turn               (no ring)

@: no status effects
A: fangs 1, strong nose, distributed training
a: no special abilities


You were on level 5 of the Dungeon.
You visited 1 branch of the dungeon, and saw 1 of its levels.

Inventory:

Hand Weapons
 a - a +0 falchion (weapon)
Armour
 b - a +0 leather armour (worn)
Wands
 g - a wand of digging (3)
Scrolls
 c - a scroll of fog
 d - a scroll of magic mapping
 e - a scroll of fear
 h - a scroll of teleportation {unknown}
Potions
 f - a potion of haste
 i - a potion of invisibility {unknown}


   Skills:
 + Level 6.4 Fighting
 + Level 0.2 Short Blades
 + Level 4.4 Long Blades
 + Level 0.2 Axes
 + Level 0.2 Maces & Flails
 + Level 0.2 Polearms
 + Level 0.2 Staves
 + Level 0.2 Slings
 + Level 0.2 Bows
 + Level 0.2 Crossbows
 + Level 0.2 Throwing
 + Level 0.2 Armour
 + Level 4.4 Dodging
 + Level 9.5 Stealth
 + Level 0.2 Shields
 + Level 0.2 Unarmed Combat
 + Level 0.2 Spellcasting
 + Level 0.1 Conjurations
 + Level 0.1 Hexes
 + Level 0.1 Summonings
 + Level 0.1 Necromancy
 + Level 0.1 Translocations
 + Level 0.1 Transmutations
 + Level 0.1 Fire Magic
 + Level 0.1 Ice Magic
 + Level 0.1 Air Magic
 + Level 0.1 Earth Magic
 + Level 0.1 Poison Magic
 + Level 0.3 Invocations
 + Level 0.2 Evocations


You had one spell level left.
You didn't know any spells.
Your spell library was empty.

Dungeon Overview and Level Annotations

Branches:
Dungeon (5/15)
 Temple: D:4-7

Altars:
Fedhas
Okawaru

Annotations:
D:5 Grinder


Innate Abilities, Weirdness & Mutations

You have very sharp teeth.
Your uncanny sense of smell can sniff out nearby items.
Your experience applies equally to all skills.


Message History

Found an iron altar of Okawaru.
The howler monkey hoots and howls with incredible vigour!
The orc throws a stone.
The stone hits you.
Things that are here:
a +0 hand axe; an orc corpse Grinder barely misses you.
The orc throws a stone.
The stone hits you but does no damage.
You slash Grinder! Your bite misses Grinder.
Grinder is moderately wounded.
Grinder hits you.
You barely miss Grinder.
Grinder is moderately wounded.
A black bear comes into view.
The howler monkey hoots and howls with incredible vigour!
Grinder hits you.
You writhe in agony.
You barely miss Grinder.
Grinder is moderately wounded.
Grinder hits you but does no damage.
You barely miss Grinder.
Grinder is lightly wounded.
Grinder hits you.
* * * LOW HITPOINT WARNING * * *
The orc throws a stone.
The stone barely misses you.
The stone barely misses Grinder.
You completely miss Grinder.
Grinder is lightly wounded.
Grinder misses you. Grinder barely misses you.
You barely miss Grinder.
Grinder is lightly wounded.
The orc hits you with a +0 hand axe.
* * * LOW HITPOINT WARNING * * *
Grinder blinks!
The howler monkey hoots and howls with incredible vigour!
You hear an angry growl.
You hear a howl!
Grinder gestures at you.
You struggle to resist.
You closely miss the orc. The orc hits you with a +0 hand axe.
* * * LOW HITPOINT WARNING * * *
The orc hits you with a +0 hand axe.
You die...

####
#....#########
#.....@ooh.).#
#..≈≈≈≈≈≈≈.≈.#
#..≈.......≈.#
#..≈.###.#.≈.#
....≈. ...#.≈.#
##..≈.#._.#.≈.#
#..≈ #...#.≈.#
#..≈.#.###h≈.#
.......≈.#


You could see a howler monkey and 2 orcs.

Vanquished Creatures
  4 orcs (D:5)
4 creatures vanquished.

Notes
Turn   | Place    | Note
-------+----------+-------------------------------------------
     0 | D:5      | Reached skill level 9 in Stealth
     0 | D:5      | terff the Gnoll Delver began the quest for the Orb.
     0 | D:5      | Reached XP level 1. HP: 23/23 MP: 1/1
     9 | D:5      | Found a blossoming altar of Fedhas.
    10 | D:5      | Noticed a scorpion
    22 | D:5      | Noticed a howler monkey
    59 | D:5      | Noticed a phantom
   170 | D:5      | Noticed Grinder
   173 | D:5      | Paralysed by Grinder for 7 turns
   184 | D:5      | Paralysed by Grinder for 7 turns
   469 | D:5      | Noticed a howler monkey
   482 | D:5      | Reached XP level 2. HP: 26/29 MP: 2/2
   482 | D:5      | Found an iron altar of Okawaru.
   486 | D:5      | Noticed a black bear
   494 | D:5      | Slain by an orc

Illustrated notes

Levels and vault maps discovered:
D:5:      layout_loops_ring, mainiacjoe_overflow_brackets,
          mainiacjoe_overflow_concentric_impassable,
          minmay_temple_entry_junction, uniq_grinder

Skill      XL: | |
---------------+-+-----
Stealth        | |  9.5
Fighting       | |  6.4
Short Blades   | |  0.2
Long Blades    | |  4.4
Axes           | |  0.2
Maces & Flails | |  0.2
Polearms       | |  0.2
Staves         | |  0.2
Slings         | |  0.2
Bows           | |  0.2
Crossbows      | |  0.2
Throwing       | |  0.2
Armour         | |  0.2
Dodging        | |  4.4
Shields        | |  0.2
Unarmed Combat | |  0.2
Spellcasting   | |  0.2
Conjurations   | |  0.1
Hexes          | |  0.1
Summonings     | |  0.1
Necromancy     | |  0.1
Translocations | |  0.1
Transmutations | |  0.1
Fire Magic     | |  0.1
Ice Magic      | |  0.1
Air Magic      | |  0.1
Earth Magic    | |  0.1
Poison Magic   | |  0.1
Invocations    | |  0.3
Evocations     | |  0.2

Action                   || total
-------------------------++-------
Melee: Falchion          ||    21
Armor: Leather armour    ||     9
Dodge: Dodged            ||    18
